 Dungeon Crawl Stone Soup version 0.31-a0-844-gdc52ec4e09 (webtiles) character file.

Game seed: 18274649206302802148

256 gelatine the Chopper (level 5, -4/40 HPs)
             Began as a Demonspawn Gladiator on Sept 29, 2023.
             Slain by Edmund
             ... wielding a +0 dire flail of holy wrath
              (7 damage)
             ... on level 4 of the Dungeon.
             The game lasted 00:07:35 (2521 turns).

gelatine the Chopper (Demonspawn Gladiator)         Turns: 2521, Time: 00:07:37

Health: -4/40      AC:  7    Str: 17    XL:     5   Next: 92%
Magic:  0/5        EV: 16    Int:  9    God:
Gold:   58         SH:  4    Dex: 14    Spells: 3/4 levels left

rFire   x . .        a - +0 war axe
rCold   . . .        f - orb {light}
rNeg    + . .        q - +1 robe of Toqukafaow {rF- rN+ SInv Archmagi}
rPois   .            c - +0 helmet
rElec   .            l - +1 cloak
rCorr   .            (no gloves)
SInv    +            g - +0 pair of boots
Will    .....        m - amulet of guardian spirit
Stlth   +            (no ring)
HPRegen 0.26/turn    (no ring)
MPRegen 0.09/turn

%: guardian spirit, archmagi
@: glowing
A: repulsion field 2, condensation shield
a: no special abilities


You were on level 4 of the Dungeon.
You visited 1 branch of the dungeon, and saw 4 of its levels.

You collected 183 gold pieces.
You spent 125 gold pieces at shops.

Inventory:

Hand Weapons
 a - a +0 war axe (weapon)
Missiles
 d - 3 throwing nets
 e - a javelin
Armour
 b - a +0 leather armour
 c - a +0 helmet (worn)
 f - an orb of light (worn)
 g - a +0 pair of boots (worn)
 l - a +1 cloak (worn)
 q - the +1 robe of Toqukafaow (worn) {rF- rN+ SInv Archmagi}
   (You found it on level 3 of the Dungeon)

   rF-:       It makes you vulnerable to fire.
   rN+:       It protects you from negative energy.
   SInv:      It lets you see invisible.
   Archmagi:  It increases the power of your magical spells.
Jewellery
 m - an amulet of guardian spirit (around neck)
 r - a ring of ice
 s - the Hermit's Pendant {Faith Invo=14 Evo=0 MP+5}
   (You found it on level 3 of the Dungeon)

   [amulet of faith]

   Invo=14: It sets your Invocations skill to 14.
   Evo=0: It sets your Evocations skill to 0.
   Faith:     It allows you to gain divine favour quickly.
   MP+5:      It affects your magic capacity (+5).
Talismans
 o - a maw talisman
 u - a blade talisman
Wands
 p - a wand of polymorph (12)
Scrolls
 h - a scroll of brand weapon {unknown}
 i - 3 scrolls of teleportation
 j - a scroll of fear {unknown}
 n - a scroll of identify
 v - a scroll of enchant weapon
 w - a scroll of silence {unknown}
Potions
 k - 4 potions of curing
 t - a potion of lignification {unknown}


   Skills:
 * Level 2.9 Fighting
 * Level 4.3 Axes
 + Level 1.8 Throwing
 * Level 1.2 Armour
 * Level 3.3 Dodging
 * Level 1.3 Shields
 * Level 0.3 Spellcasting
 * Level 1.5 Conjurations
 * Level 0.6 Evocations


You had 3 spell levels left.
You knew the following spells:

 Your Spells              Type           Power      Damage    Failure   Level
a - Magic Dart            Conj           16%        1d3       22%         1

Your spell library contained the following spells:

 Spells                   Type           Power      Damage    Failure   Level
 Call Imp                 Summ           0%         N/A       52%         2
 Cigotuvi's Dreadful Rot  Necr/Pois/Air  0%         N/A       52%         2
 Mephitic Cloud           Conj/Pois/Air  1%         N/A       67%         3
 Dispel Undead            Necr           0%         3d6       98%         4
 Death Channel            Necr           0%         N/A       100%        6


Dungeon Overview and Level Annotations

Branches:
Dungeon (4/15)
 Temple: D:4-7

Altars:

Shops:
D:4 **

Annotations:
D:4 Edmund


Innate Abilities, Weirdness & Mutations

You are surrounded by a moderate repulsion field. (EV +3)
A meltable shield of frost defends you. (SH +4)


Message History

Edmund is moderately wounded.
You hit the hound.
You kill the hound!
Edmund closely misses you.
You hit Edmund.
Edmund is heavily wounded.
Edmund misses you.
Edmund hits you with a +0 dire flail of holy wrath.
You convulse!
You slash Edmund!
Edmund is severely wounded.
Edmund completely misses you.
You slash Edmund!
Edmund is almost dead.
Edmund says, "You wouldn't believe how much I paid for this flail."
Edmund hits you with a +0 dire flail of holy wrath.
You convulse.
You hit Edmund but do no damage.
Edmund is almost dead.
Edmund closely misses you.
Edmund says, "Everyone always remembers my brother. 'Who's Edmund?' they ask!"
Edmund hits you but does no damage.
You completely miss Edmund.
Edmund is almost dead.
Edmund closely misses you.
You barely miss Edmund.
Edmund is almost dead.
Edmund hits you with a +0 dire flail of holy wrath!
You convulse.
* * * LOW HITPOINT WARNING * * *
You hit Edmund.
Edmund is almost dead.
Edmund misses you.
You hit Edmund but do no damage.
Edmund is almost dead.
Edmund hits you with a +0 dire flail of holy wrath!
* * * LOW HITPOINT WARNING * * *
You convulse!
You die...
Edmund says, "That'll show my brother!"

#.....# ##.........
#.†...######.).....
#.......# .
#....##.# ..
#....##.# .#
#....##.##### ..#.
#...........##.....
#....#####.........
#....# ##@.......
###### ##@......
##.(... #.## .. #


You could see Edmund.

Vanquished Creatures
  A hound (D:4)
  An orc wizard (D:4)
  A sleepcap (D:4)
  8 adders
  3 dart slugs
  4 worms
  2 orcs (D:4)
  9 ball pythons
  7 bats
  11 endoplasms
  A giant cockroach (D:1)
  6 goblins
  8 hobgoblins
  3 jackals (D:3)
  A quokka (D:1)
  A frilled lizard (D:2)
  14 kobolds
  6 rats
87 creatures vanquished.

Notes
Turn   | Place    | Note
-------+----------+-------------------------------------------
     0 | D:1      | gelatine the Demonspawn Gladiator began the quest for the
                  | Orb.
     0 | D:1      | Reached XP level 1. HP: 16/16 MP: 1/1
    46 | D:1      | Reached skill level 3 in Axes
    50 | D:1      | Gained mutation: A meltable shield of frost defends you.
                  | (SH +4) [demonic ancestry]
    50 | D:1      | Reached XP level 2. HP: 21/22 MP: 2/2
   617 | D:1      | Gained mutation: You are surrounded by a mild repulsion
                  | field. (EV +2) [demonic ancestry]
   617 | D:1      | Reached XP level 3. HP: 27/27 MP: 3/3
   972 | D:2      | Gained mutation: You are surrounded by a moderate repulsion
                  | field. (EV +3) [demonic ancestry]
   972 | D:2      | Reached XP level 4. HP: 26/34 MP: 4/4
  1775 | D:3      | Reached skill level 1 in Armour
  1785 | D:3      | Learned a level 1 spell: Magic Dart
  1973 | D:3      | Identified the +1 robe of Toqukafaow {rF- rN+ SInv
                  | Archmagi}
  2049 | D:3      | Reached XP level 5. HP: 40/40 MP: 0/5
  2199 | D:3      | Found a faded altar of an unknown god.
  2199 | D:3      | Found the Hermit's Pendant {Faith Invo=14 Evo=0 MP+5}
  2206 | D:3      | Reached skill level 1 in Conjurations
  2333 | D:4      | Reached skill level 1 in Shields
  2343 | D:4      | Reached skill level 4 in Axes
  2403 | D:4      | Found Iseirhoc's General Store.
  2408 | D:4      | Found Qoedwoorch's Specific Store.
  2461 | D:4      | Bought a scroll of enchant weapon for 75 gold pieces
  2461 | D:4      | Bought a scroll of teleportation for 30 gold pieces
  2461 | D:4      | Bought a scroll of identify for 20 gold pieces
  2507 | D:4      | Noticed Edmund
  2521 | D:4      | Slain by Edmund

Illustrated notes

Levels and vault maps discovered:
D:1:      dreamdust_arrival_beginning_and_end, layout_loops_corners,
          serial_aquarium, aquarium_bridge_square [aquarium_subvault_wall,
          aquarium_subvault_bridge, aquarium_subvault_bridge,
          aquarium_subvault_bridge], aquarium_window_double, aquarium_window_1,
          aquarium_view_2d, serial_bayou_crossing
D:2:      layout_loops_corners, serial_forest, infiniplex_forest_lined_room_2,
          infiniplex_forest_lined_room_, infiniplex_forest_straight_4,
          infiniplex_forest_clump_diagonal, infiniplex_forest_straight_5
D:3:      layout_rooms, st_stairs_9, hellmonk_guarded_unrand_hermit
D:4:      layout_rooms, nemelex_altar_shiori, grunt_ministairs_6,
          nicolae_specific_store, kennysheep_generic_room_8,
          uniq_crazy_yiuf_cottage, uniq_edmund, uniq_robin

Skill      XL: |  1  2  3  4  5 |
---------------+----------------+-----
Axes           | 3 4 |  4.3
Dodging        | 3 |  3.3
Armour         | 1 |  1.2
Conjurations   | 1 |  1.5
Shields        | 1 |  1.3
Fighting       | |  2.9
Throwing       | |  1.8
Spellcasting   | |  0.3
Evocations     | |  0.6

Action                     |  1- 3 |  4- 6 || total
---------------------------+-------+-------++-------
  Melee: War axe           |    80 |   123 ||   203
   Cast: Magic Dart        |       |     5 ||     5
    Use: Scroll            |       |     1 ||     1
 Armour: Leather armour    |    24 |    16 ||    40
         Robe              |       |    32 ||    32
  Dodge: Dodged            |    67 |    88 ||   155
  Block: Other             |     9 |       ||     9
         Orb               |     9 |    12 ||    21

Table legend: (Time is in decaauts)
 A = Elapsed time spent in this place.
 B = Non-inter-level travel time spent in this place.
 C = Inter-level travel time spent in this place.
 D = Time resting spent in this place.
 E = Time spent auto-exploring this place.
 F = Levels seen in this place.
 G = Mean time per level.
                   A        B        C        D        E       F      G
               +--------+--------+--------+--------+--------+-----+--------+
         Total |   2590 |   2551 |     39 |      0 |   1873 |   4 |  647.5 |
       Dungeon |   2590 |   2551 |     39 |      0 |   1873 |   4 |  647.5 |
               +--------+--------+--------+--------+--------+-----+--------+

Top non-repeatable levels by time:
     D:2: 928 daAuts
     D:1: 842 daAuts
     D:3: 601 daAuts
     D:4: 218 daAuts
